 Dungeon Sprint DCSS version 0.28.0-45-g0d030f2227 (webtiles) character file.

Game seed: 6337075440968766493

6261 boopmooplesden the Bludgeoner (level 10, -21/99 HPs)
             Began as a Minotaur Berserker on Apr 20, 2022.
             Was the Champion of Trog.
             Killed from afar by Sigmund (29 damage)
             ... with a bolt of fire
             ... in the Dungeon (Sprint III: "The Ten Rune Challenge").
             The game lasted 00:05:48 (2564 turns).

boopmooplesden the Bludgeoner (Minotaur Berserker)  Turns: 2564, Time: 00:05:49

Health: -21/99     AC: 19    Str: 22    XL:     10   Next: 62%
Magic:  9/9        EV: 11    Int:  4    God:    Trog [******]
Gold:   2580       SH:  0    Dex: 14    Spells: 9/9 levels left

rFire   . . .      SeeInvis .   n - +3 great mace (vorpal)
rCold   . . .      Faith    .   (shield currently unavailable)
rNeg    . . .      Spirit   .   t - +0 plate armour
rPois   .          Reflect  .   (helmet restricted)
rElec   .          Harm     .   (no cloak)
rCorr   .          Rampage  .   (no gloves)
Will    .....      NoTele   +   (no boots)
Stlth   ..........              (no amulet)
HPRegen 0.26/turn               (no ring)
MPRegen 0.11/turn               (no ring)

@: confused, on berserk cooldown, slowed, very slow
A: horns 2, retaliatory headbutt, iridescent scales 2, frail 1
a: Renounce Religion, Berserk, Trog's Hand, Brothers in Arms


You were in the Dungeon.
You worshipped Trog.
Trog was exalted by your worship.
You visited 1 branch You collected 2580 gold pieces.

Inventory:

Hand Weapons
 a - a +0 mace
 b - the +3 great mace of Accidental Termination {vorpal, rElec Will+++ rCorr Int-5}
   (Trog gifted it to you in the Dungeon)

   It inflicts extra damage upon your enemies.
   Int:       It affects your intelligence (-5).
   rElec:     It insulates you from electricity.
   rCorr:     It protects you from acid and corrosion.
   Will:      It greatly increases your willpower.
 n - a +3 vorpal great mace (weapon)
 o - a +1 long sword of holy wrath
 p - a +1 eveningstar of flaming
 q - a +1 bardiche of flaming
 s - a +2 morningstar
Armour
 t - a +0 plate armour (worn)
Scrolls
 h - a scroll of blinking
 i - a scroll of holy word {unknown}
 j - 4 scrolls of identify
 l - a scroll of immolation {unknown}
Potions
 c - 4 potions of mutation
 d - a potion of heal wounds
 e - a potion of haste
 f - 2 potions of magic
 g - a potion of berserk rage
 k - 4 potions of flight
 m - a potion of might
Miscellaneous
 r - a box of beasts


   Skills:
 + Level 16.9 Fighting
 + Level 19.3 Maces & Flails
 + Level 12.8 Armour
 + Level 9.8 Dodging
 + Level 3.1 Stealth
 + Level 0.1 Evocations


You had 9 spell levels left.
You didn't know any spells.
Your spell library was empty.

Dungeon Overview and Level Annotations

Branches:
Dungeon (1/1)

Altars:
Cheibriados
Dithmenos
Elyvilon
Fedhas
Gozag
Hepliaklqana
Kikubaaqudgha
Makhleb
Nemelex Xobeh
Okawaru
Qazlal
Ru
Sif Muna
Trog
Uskayaw
Vehumet
Wu Jian
Xom
Yredelemnul
Zin
The Shining One
Beogh
Jiyva
Lugonu

Shops:
D [

Annotations:
D Sigmund


Innate Abilities, Weirdness & Mutations

You have a pair of horns on your head.
You reflexively headbutt those who attack you in melee.
You are mostly covered in iridescent scales. (AC +4)
You are frail. (-10% HP)


Message History

You are more confused.
You hear some strange, mumbled words.
A lance of force appears from out of thin air!
The lance of force hits you.
You are knocked back by the lance of force.
You slam into the rock wall!
Your troll rages.
Something hits you. Space warps around you. Something hits you.
You hear some strange, mumbled words.
You are more confused.
Something hits you.
Your troll rages.
Something hits you! Space warps horribly around you!!
* * * LOW HITPOINT WARNING * * *
Okay, then.
Okay, then.
Are you sure you want to stumble around while confused and next to your troll? [Y]es or [N]o only, please.
Are you sure you want to stumble around while confused and next to your troll? [Y]es or [N]o only, please.
Are you sure you want to stumble around while confused and next to your troll?
Something hits you.
* * * LOW HITPOINT WARNING * * *
Space warps around you.
* * * LOW HITPOINT WARNING * * *
Unknown command.
What are your orders? t - Shout!
Anything else - Cancel.
You shout for attention!
Your troll rages.
Something hits you but does no damage. Space warps around you.
* * * LOW HITPOINT WARNING * * *
Are you sure you want to stumble around while confused and next to your troll? [Y]es or [N]o only, please.
Are you sure you want to stumble around while confused and next to your troll?
You hear some strange, mumbled words.
A bolt of fire appears from out of thin air!
The bolt of fire hits you!!
You die...

.'##)#.#.##.#.)##...^^.#...≈≈≈≈#
.#.))#..#..##..).....^^#...≈≈≈≈#
▓▓▓▓▓▓▓▓▓▓▓▓▓▓▓#.......#.......#
#^......#.......#
+^..^...#.......#
#....^..######### ##)######
#T{.+ #@..# #...# #####


You could see a friendly troll (summoned, berserk).

Vanquished Creatures
  Erolcha (D)
  A deep elf pyromancer (D)
  A queen bee (D)
  A shadow (D)
  2 redbacks (D)
  A spatial vortex (D)
  An orc warrior (D)
  A necrophage (D)
  5 two-headed ogres (D)
  A water elemental (D)
  A scorpion (D)
  32 killer bees (D)
  A jelly (D)
  An orc priest (D)
  A wizard (D)
  A necromancer (D)
  3 humans (D)
  A kobold demonologist (D)
  7 orcs (D)
  4 rats (D)
67 creatures vanquished.

Vanquished Creatures (collateral kills)
  2 orc high priests (D)
  Edmund (D)
  An orc warrior (D)
  3 orc priests (D)
  2 orc wizards (D)
  An orc (D)
10 creatures vanquished.

Grand Total: 77 creatures vanquished

Notes
Turn   | Place    | Note
-------+----------+-------------------------------------------
     0 | D        | boopmooplesden the Minotaur Berserker began the quest for
                  | the Orb.
     0 | D        | Reached XP level 1. HP: 19/19 MP: 0/0
     8 | D        | Reached skill level 4 in Maces & Flails
    80 | D        | Reached ** piety under Trog
   101 | D        | Reached skill level 5 in Fighting
   101 | D        | Reached skill level 5 in Maces & Flails
   101 | D        | Reached XP level 2. HP: 28/29 MP: 1/1
   201 | D        | Noticed a scorpion
   209 | D        | Killed a scorpion
   210 | D        | Reached skill level 7 in Maces & Flails
   210 | D        | Reached XP level 3. HP: 30/38 MP: 2/2
   210 | D        | Reached XP level 4. HP: 35/45 MP: 3/3
   229 | D        | Gained mutation: You are frail. (-10% HP) [potion of
                  | mutation]
   229 | D        | Gained mutation: You are partially covered in iridescent
                  | scales. (AC +2) [potion of mutation]
   229 | D        | Gained mutation: You are mostly covered in iridescent
                  | scales. (AC +4) [potion of mutation]
   391 | D        | Noticed a water elemental
   393 | D        | Killed a water elemental
   394 | D        | Reached skill level 8 in Maces & Flails
   394 | D        | Reached XP level 5. HP: 47/47 MP: 4/4
   491 | D        | Found a basalt altar of Yredelemnul.
   491 | D        | Found a shadowy altar of Dithmenos.
   491 | D        | Found a sacrificial altar of Ru.
   491 | D        | Noticed a necrophage
   496 | D        | Killed a necrophage
   496 | D        | Reached *** piety under Trog
   497 | D        | Reached skill level 10 in Maces & Flails
   497 | D        | Reached skill level 5 in Dodging
   556 | D        | Found a hide-covered altar of Uskayaw.
   556 | D        | Found an iron altar of Okawaru.
   558 | D        | Found a bloodstained altar of Trog.
   558 | D        | Found an ornate altar of the Wu Jian Council.
   558 | D        | Noticed a human
   558 | D        | Noticed a human
   565 | D        | Killed a human
   566 | D        | Reached skill level 10 in Fighting
   566 | D        | Reached skill level 11 in Maces & Flails
   566 | D        | Reached skill level 5 in Armour
   566 | D        | Reached skill level 1 in Stealth
   566 | D        | Reached XP level 6. HP: 60/60 MP: 5/5
   574 | D        | Killed a human
   575 | D        | Reached skill level 12 in Maces & Flails
   575 | D        | Reached XP level 7. HP: 37/65 MP: 6/6
   676 | D        | Found a radiant altar of Vehumet.
   676 | D        | Found a shimmering blue altar of Sif Muna.
   676 | D        | Found an ancient bone altar of Kikubaaqudgha.
   679 | D        | Reached **** piety under Trog
   682 | D        | Noticed a smoke demon
   732 | D        | Found a glowing silver altar of Zin.
   733 | D        | Found a glowing golden altar of the Shining One.
   733 | D        | Found a white marble altar of Elyvilon.
   733 | D        | Noticed a deep elf pyromancer
   739 | D        | Killed a deep elf pyromancer
   740 | D        | Reached skill level 14 in Maces & Flails
   757 | D        | Noticed a shadow
   763 | D        | Reached ***** piety under Trog
   764 | D        | Reached XP level 8. HP: 53/76 MP: 7/7
   950 | D        | Found a blossoming altar of Fedhas.
   950 | D        | Found a stormy altar of Qazlal.
   950 | D        | Found a snail-covered altar of Cheibriados.
   950 | D        | Found a burning altar of Makhleb.
   950 | D        | Found a shimmering altar of Xom.
   951 | D        | Found a hazy altar of Hepliaklqana.
   951 | D        | Found an opulent altar of Gozag.
   951 | D        | Found a sparkling altar of Nemelex Xobeh.
   951 | D        | Found a corrupted altar of Lugonu.
   951 | D        | Found a viscous altar of Jiyva.
   963 | D        | Received a gift from Trog
  1122 | D        | Reached skill level 15 in Maces & Flails
  1180 | D        | Noticed a two-headed ogre
  1187 | D        | Killed a two-headed ogre
  1441 | D        | Noticed a two-headed ogre
  1441 | D        | Noticed Erolcha
  1448 | D        | Killed Erolcha
  1449 | D        | Reached skill level 16 in Maces & Flails
  1449 | D        | Reached XP level 9. HP: 86/86 MP: 8/8
  1452 | D        | Killed a two-headed ogre
  1456 | D        | Received a gift from Trog
  1457 | D        | Reached skill level 17 in Maces & Flails
  1460 | D        | Reached skill level 15 in Fighting
  1904 | D        | Noticed an orc high priest
  1907 | D        | Noticed an orc high priest
  1909 | D        | Reached skill level 10 in Armour
  1913 | D        | Killed an orc high priest
  1914 | D        | Killed an orc high priest
  1915 | D        | Reached skill level 18 in Maces & Flails
  1915 | D        | Reached XP level 10. HP: 83/96 MP: 9/9
  1920 | D        | Received a gift from Trog
  1924 | D        | Found Apuz's Armour Shop.
  1930 | D        | Reached ****** piety under Trog
  2050 | D        | Received a gift from Trog
  2071 | D        | Received a gift from Trog
  2086 | D        | Identified the +3 great mace of Accidental Termination
                  | {vorpal, rElec Will+++ rCorr Int-5} (Trog gifted it to you
                  | in the Dungeon)
  2086 | D        | Received a gift from Trog
  2090 | D        | Lost intelligence.
  2119 | D        | Received a gift from Trog
  2120 | D        | Reached skill level 19 in Maces & Flails
  2173 | D        | Received a gift from Trog
  2542 | D        | Noticed Sigmund
  2544 | D        | Noticed Edmund
  2550 | D        | Killed Edmund
  2564 | D        | Killed from afar by Sigmund

Illustrated notes

Levels and vault maps discovered:
D:        dungeon_sprint_mu [sprint_mu_entry_forest, sprint_mu_temple_rooms,
          sprint_mu_d1_spiders, sprint_mu_d2_genie, sprint_mu_d3_branching,
          sprint_mu_orc_legion, sprint_mu_elf_gauntlet, sprint_mu_hive_nellie,
          sprint_mu_lair_fedhas, sprint_mu_vaults_butterflies,
          sprint_mu_slime_circle, sprint_mu_swamp_cave, sprint_mu_shoals_kraken,
          sprint_mu_blade_basic, sprint_mu_crypt_chambers,
          sprint_mu_tomb_spiral, sprint_mu_vestibule_basic,
          sprint_mu_gehenna_hellfire, sprint_mu_dis_giant,
          sprint_mu_tartarus_statrot, sprint_mu_cocytus_islands, sprint_mu_zot1]

Skill      XL: |  1  2  3  4  5  6  7  8  9 10 |
---------------+-------------------------------+-----
Fighting       | 5 6 7 10 12 14 15 16 | 16.9
Maces & Flails | 5 7 8 11 12 14 16 18 19 | 19.3
Armour         | 3 4 5 6 9 11 12 | 12.8
Dodging        | 3 4 5 6 7 8 9 |  9.8
Stealth        | 1 2 3 |  3.1
Evocations     | |  0.1

Action                   |  1- 3 |  4- 6 |  7- 9 | 10-12 || total
-------------------------+-------+-------+-------+-------++-------
Melee: Mace              |    14 |    23 |    48 |       ||    85
       Headbutt          |     1 |     4 |    15 |    10 ||    30
       Punch             |       |     1 |       |       ||     1
       Morningstar       |       |       |     3 |    48 ||    51
       Great mace        |       |       |       |    40 ||    40
Invok: Berserk           |     2 |     3 |     5 |     2 ||    12
       Trog's Hand       |       |       |     1 |     1 ||     2
       Brothers in Arms  |       |       |     1 |     1 ||     2
Evoke: Box of beasts     |       |       |     1 |       ||     1
  Use: Potion            |     1 |     1 |       |     1 ||     3
Armor: Animal skin       |       |     5 |       |       ||     5
       Chain mail        |       |       |     9 |     6 ||    15
       Plate armour      |       |       |       |    71 ||    71
Dodge: Dodged            |    13 |    10 |    20 |    65 ||   108
